 Dungeon Crawl Stone Soup version 0.31-a0-345-g1ebeae05c6 (webtiles) character file.

Game seed: 13237437460670747679

5793 LeprechaunX the Martial Artist (level 10, -2/66 HPs)
             Began as an Octopode Shapeshifter on July 23, 2023.
             Was a Believer of Hepliaklqana.
             Slain by a basilisk (10 damage)
             ... on level 9 of the Dungeon.
             The game lasted 00:13:58 (8851 turns).

LeprechaunX the Martial Artist (OpSh)               Turns: 8851, Time: 00:13:58

Health: -2/66      AC:  9    Str: 33    XL:     10   Next: 79%
Magic:  11/11      EV: 14    Int: 10    God:    Hepliaklqana [**....]
Gold:   1280       SH:  5    Dex: 22    Spells: 9/9 levels left

rFire   . .          .
                       - Unarmed
rCold   . . .        (shield currently unavailable)
rNeg    . . .        l - melded +2 hat
rPois   .            p - amulet of reflection
rElec   .            c - +6 ring of strength
rCorr   .            r - +6 ring of strength
SInv    .            x - +4 ring of slaying
Will    .....        K - +6 ring of dexterity
Stlth   ++           (no ring)
HPRegen 0.31/turn    (no ring)
MPRegen 0.12/turn    (no ring)
                     (no ring)

%: reflection
@: lethally poisoned (-2 -> -12), snake-form
A: constrict, reduced essence, almost no armour, amphibious, 8 rings, large,
(camouflage 1), (gelatinous body 1), (nimble swimmer 1), (tentacles)
a: Begin Untransformation, Renounce Religion, Recall Ancestor, Ancestor Identity


You were on level 9 of the Dungeon.
You worshipped Hepliaklqana.
Hepliaklqana was pleased with you.
You were an enormous anaconda.
You visited 2 branches of the dungeon, and saw 10 of its levels.
You also visited: Bailey.

You collected 1280 gold pieces.

Inventory:

Missiles
 A - 2 datura-tipped darts
 B - a throwing net
 E - 18 boomerangs
Armour
 l - a +2 hat (melded)
Jewellery
 c - a +6 ring of strength (left tentacle)
 p - an amulet of reflection (around neck)
 r - a +6 ring of strength (right tentacle)
 u - a ring of ice
 x - a +4 ring of slaying (on tentacle)
 G - a ring of ice
 K - a +6 ring of dexterity (on tentacle)
Talismans
 b - a beast talisman
 s - a serpent talisman
 w - a dragon-blood talisman
Wands
 h - a wand of digging (8)
 C - a wand of charming (15)
 D - a wand of flame (36)
Scrolls
 d - 7 scrolls of identify {unknown}
 f - 2 scrolls of revelation {unknown}
 i - 3 scrolls of immolation {unknown}
 j - 3 scrolls of noise {unknown}
 k - 5 scrolls of teleportation {unknown}
 o - 2 scrolls of enchant weapon {unknown}
 q - a scroll of fog {unknown}
 t - a scroll of blinking {unknown}
 v - a scroll of acquirement {unknown}
 y - a scroll of poison {unknown}
 F - a scroll of vulnerability {unknown}
 H - a scroll of fear {unknown}
 I - a scroll of enchant armour {unknown}
Potions
 a - 2 potions of lignification
 e - 3 potions of mutation {unknown}
 g - 5 potions of enlightenment
 m - a potion of berserk rage {unknown}
 n - 5 potions of curing
 z - a potion of brilliance {unknown}
 J - a potion of haste {unknown}


   Skills:
 + Level 6.7 Fighting
 - Level 4.0 Throwing
 + Level 6.8 Dodging
 + Level 8.8 Unarmed Combat
 + Level 2.0 Invocations
 * Level 7.9 Shapeshifting


You had 9 spell levels left.
You didn't know any spells.
Your spell library contained the following spells:

 Spells                   Type           Power      Damage    Failure   Level
 Summon Small Mammal      Summ           0%         N/A       36%         1
 Blink                    Tloc           0%         N/A       50%         2
 Lesser Beckoning         Tloc           0%         N/A       50%         2
 Call Canine Familiar     Summ           0%         N/A       75%         3
 Gell's Gravitas          Tloc           0%         N/A       75%         3
 Summon Guardian Golem    Hex/Summ       0%         N/A       75%         3
 Teleport Other           Tloc           0%         N/A       75%         3
 Manifold Assault         Tloc           0%         N/A       98%         4
 Dispersal                Tloc           0%         N/A       100%        6


Dungeon Overview and Level Annotations

Branches:
Dungeon (9/15)             Temple (1/1) D:4            Lair (0/5) D:9
 Bailey (visited)
    Orc: D:9-12

Altars:
Ashenzari
Cheibriados
Elyvilon
Fedhas
Gozag
Hepliaklqana
Makhleb
Nemelex Xobeh
Qazlal
Ru
Sif Muna
Trog
Uskayaw
Vehumet
Wu Jian
Yredelemnul
Zin

Shops:
D:1 *   D:4 *!


Innate Abilities, Weirdness & Mutations

You are an enormous anaconda.
You have a powerful constriction melee attack.
Your armour is entirely melded.
You are incapable of wielding weapons or throwing items.
Your life essence is reduced to manifest your ancestor. (-10% HP)
You cannot wear most types of armour.
You are amphibious.
You can wear up to eight rings at the same time.
((Your skin changes colour to match your surroundings (Stealth+).))
((Your rubbery body absorbs attacks. (AC +1, EV +1)))
((You are camouflaged when in or above water. (Stealth+)))
((You have tentacles for arms and can constrict up to eight enemies at once.))


Message History

The water moccasin completely misses you.
You constrict the yak.
You kill the yak!
The water moccasin bites you. The basilisk bites you!
The water moccasin bites you but does no damage.
The yak gores you. The basilisk bites you! The basilisk completely misses you.
The yak gores the plant.
The plant begins to die.
Servius hits the basilisk with a +0 dagger of draining!
Servius drains the basilisk.
The water moccasin bites you. The yak gores you! The basilisk bites you. x2
Servius barely misses the basilisk.
The yak completely misses the plant.
The water moccasin bites you!
Servius hits the basilisk with a +0 dagger of draining!
Servius drains the basilisk.
The water moccasin bites you. The yak gores you.
* * * LOW HITPOINT WARNING * * *
The basilisk gazes at you. You resist with some effort. The basilisk bites you.
* * * LOW HITPOINT WARNING * * *
Servius misses the basilisk.
The yak gores the plant!
Servius hits the basilisk with a +0 dagger of draining.
The basilisk dies!
The water moccasin bites you but does no damage.
Your Invocations skill increases to level 2!
The yak gores you!
* * * LOW HITPOINT WARNING * * *
Servius hits the yak with a +0 dagger of draining.
Servius drains the yak.
The yak gores the plant.
The basilisk bites you!
* * * LOW HITPOINT WARNING * * *
The water moccasin bites you but does no damage.
Servius hits the yak with a +0 dagger of draining.
You turn to flesh and can move again.
Servius hits the yak with a +0 dagger of draining!
Servius drains the yak.
The yak gores something!
You see here a water moccasin corpse.
It was a potion of curing.
You feel better. The water moccasin bites you!
* * * LOW HITPOINT WARNING * * *
You are lethally poisoned!
The water moccasin poisons you! The basilisk bites you!
You die...

#.....P..P.
##.♣.....P..
##.......P...
+...♣..P....P
#......P>..
#.PY.).♣...
#..†.♣....P
##♣SP....P..
#SlR.P.....
##......PP..
#.......PPPP
#......P.PP.
#...........
#...........
#...$......
#<........
................


You could see the friendly Servius the hexer, a yak, a basilisk and a water
moccasin (ally target).

Vanquished Creatures
  A troll (D:7)
  Prince Ribbit (D:6)
  Grinder (D:4)
  A wyvern (D:9)
  A yak (D:9)
  Grum (D:8)
  Edmund (D:6)
  3 water moccasins
  3 ice beasts
  A black bear (D:4)
  6 orc warriors
  3 ogres
  3 wolves (D:8)
  A lemure (D:8)
  A phantom (D:4)
  A kobold brigand (D:9)
  3 bullfrogs (D:6)
  A gnoll sergeant (D:4)
  5 wights
  5 killer bees
  An electric eel (D:8)
  A howler monkey (D:8)
  2 jellies
  8 hounds
  A sleepcap (D:5)
  8 orc priests
  3 iguanas
  8 orc wizards
  4 gnolls
  4 adders
  A shadow imp (D:7)
  A worm (D:2)
  6 dart slugs
  29 orcs
  6 ball pythons
  10 endoplasms
  13 goblins
  13 hobgoblins
  18 kobolds
  6 quokkas
  6 bats
  6 rats
198 creatures vanquished.

Vanquished Creatures (collateral kills)
  Pikel (D:8)
  A yak (D:9)
  A basilisk (D:9)
  An orc warrior (Bailey)
  A wight (D:7)
  An orc priest (D:8)
  A white imp (D:8)
  3 orcs
  A goblin (Bailey)
  A hobgoblin (Bailey)
  A kobold (Bailey)
13 creatures vanquished.

Vanquished Creatures (others)
  3 ancestors (D:7)
3 creatures vanquished.

Grand Total: 214 creatures vanquished

Notes
Turn   | Place    | Note
-------+----------+-------------------------------------------
     0 | D:1      | LeprechaunX the Octopode Shapeshifter began the quest for
                  | the Orb.
     0 | D:1      | Reached XP level 1. HP: 13/13 MP: 1/1
    49 | D:1      | Reached XP level 2. HP: 9/18 MP: 2/2
   250 | D:1      | Found a faded altar of an unknown god.
   326 | D:1      | Found a transporter.
   326 | D:1      | Found Ketalo's Assorted Antiques.
   364 | D:1      | Reached XP level 3. HP: 23/23 MP: 3/3
   943 | D:1      | Found a transporter.
  1840 | D:2      | Reached XP level 4. HP: 29/29 MP: 4/4
  2347 | D:3      | Reached skill level 4 in Unarmed Combat
  2354 | D:3      | Reached XP level 5. HP: 18/34 MP: 5/5
  2715 | D:3      | Reached skill level 1 in Throwing
  2956 | D:4      | Found Ysos Hob's General Store.
  3006 | D:4      | Noticed Grinder
  3023 | D:4      | Killed Grinder
  3024 | D:4      | Reached XP level 6. HP: 23/41 MP: 6/6
  3048 | D:4      | Reached skill level 5 in Unarmed Combat
  3118 | D:4      | Found Pical's Distillery.
  3203 | D:4      | Found an opulent altar of Gozag.
  3220 | D:4      | Noticed a black bear
  3229 | D:4      | Killed a black bear
  3230 | D:4      | Reached XP level 7. HP: 46/46 MP: 7/7
  3284 | D:4      | Found a staircase to the Ecumenical Temple.
  3390 | Temple   | Entered the Ecumenical Temple
  3404 | Temple   | Became a worshipper of Hepliaklqana the Forgotten
  4189 | D:5      | Entered Level 5 of the Dungeon
  4204 | D:5      | Reached skill level 6 in Unarmed Combat
  4204 | D:5      | Reached XP level 8. HP: 51/53 MP: 8/8
  5038 | D:6      | Reached * piety under Hepliaklqana
  5204 | D:6      | Reached skill level 5 in Shapeshifting
  5320 | D:6      | Noticed Edmund
  5327 | D:6      | Killed Edmund
  5328 | D:6      | Reached skill level 7 in Unarmed Combat
  5328 | D:6      | Reached XP level 9. HP: 43/53 MP: 9/9
  5793 | D:6      | Noticed Prince Ribbit
  5803 | D:6      | Killed Prince Ribbit
  5804 | D:6      | Reached skill level 5 in Dodging
  6212 | D:7      | Reached skill level 5 in Fighting
  6736 | D:7      | Noticed a troll
  6984 | D:7      | HP: 2/54 [troll (6)]
  7195 | D:7      | Reached ** piety under Hepliaklqana
  7196 | D:7      | Remembered your ancestor Servius as a hexer
  7297 | D:7      | Killed a troll
  7298 | D:7      | Reached skill level 8 in Unarmed Combat
  7503 | D:8      | Noticed Pikel
  7516 | D:8      | Killed Pikel
  7517 | D:8      | Reached XP level 10. HP: 12/61 MP: 10/10
  7801 | D:8      | Found a flagged portal.
  7811 | Bailey   | Entered a bailey
  8305 | D:8      | Noticed Grum
  8312 | D:8      | Killed Grum
  8517 | D:8      | Reached skill level 1 in Invocations
  8834 | D:9      | Found a staircase to the Lair.
  8851 | D:9      | Slain by a basilisk

Illustrated notes

Levels and vault maps discovered:
D:1:      eino_arrival_tree_alley, layout_rooms, serial_shops,
          nicolae_shop_drivethru, serial_co_window_serial, co_window_corner_a,
          co_window_paths_a, co_window_paths_b, co_window_paths_a,
          co_window_paths_b, co_window_cross_4, co_window_of_opportunity_b,
          co_window_corner_b, co_window_broadway_c, co_window_broadway_c,
          co_window_broadway_c, co_window_2corner, co_window_4corner_a,
          glass_columns_c, glass_columns_a, glass_columns_a, glass_columns_c,
          glass_columns_b, shapermc_ecumenical_altar_pompeii,
          minmay_small_reverse_x
D:2:      layout_basic
D:3:      layout_basic
D:4:      layout_loops_ring, nicolae_overflow_crystal_walls,
          minmay_temple_entry_mini_moons, serial_shops, shop,
          nicolae_stop_n_shop_1, serial_bayou_lagoon_b, uniq_grinder
D:5:      layout_loops_ring
D:6:      layout_basic, uniq_prince_ribbit1, uniq_edmund
D:7:      layout_rooms, minmay_misc_feat_secret_circle
D:8:      layout_cave_pools, serial_column_ruins, column_ruins_square_medium,
          column_ruins_corridor_straight, column_ruins_grid_1,
          column_ruins_open_medium, column_ruins_open_tiny_water,
          column_ruins_grid_1, column_ruins_corridor_straight, enter_bailey_3,
          kennysheep_small_spiral, uniq_pikel, uniq_grum
D:9:      layout_roguey, mainiacjoe_overflow_alcove_2,
          brannock_xom_greatest_gift, minmay_lair_entry_grove
Temple:   lightli_temple_of_artemis

Skill      XL: |  1  2  3  4  5  6  7  8  9 10 |
---------------+-------------------------------+-----
Unarmed Combat | 4 5 6 7 8 |  8.8
Fighting       | 2 3 4 5 6 |  6.7
Throwing       | 1 2 3 4 |  4.0
Dodging        | 3 4 6 |  6.8
Shapeshifting  | 4 5 7 |  7.9
Invocations    | 2 |  2.0

Action                     |  1- 3 |  4- 6 |  7- 9 | 10-12 || total
---------------------------+-------+-------+-------+-------++-------
  Melee: Unarmed           |    72 |    60 |   176 |    79 ||   387
         Constrict         |    15 |    15 |    35 |    22 ||    87
         Tentacles         |    14 |    11 |    29 |       ||    54
         Punch             |     3 |     3 |     9 |       ||    15
  Throw: Throwing net      |       |     3 |     3 |       ||     6
         Dart              |       |       |     4 |       ||     4
 Invoke: Ancestor Life: He |       |       |     1 |       ||     1
    Use: Potion            |       |       |       |     1 ||     1
   Stab: Sleeping          |     8 |     4 |     7 |       ||    19
         Distracted        |     1 |       |     2 |     1 ||     4
         Held in net/web   |       |     1 |       |       ||     1
         Confused          |       |       |       |     5 ||     5
 Armour: Skin              |     2 |     1 |     4 |    21 ||    28
  Dodge: Dodged            |    37 |    30 |    76 |    33 ||   176
  Block: Other             |       |       |    23 |    15 ||    38
         Reflection        |       |       |       |     5 ||     5
         Form:             |       |     1 |       |       ||     1
         Beast             |       |     1 |       |       ||     1
         Anaconda          |       |       |       |     1 ||     1

Table legend: (Time is in decaauts)
 A = Elapsed time spent in this place.
 B = Non-inter-level travel time spent in this place.
 C = Inter-level travel time spent in this place.
 D = Time resting spent in this place.
 E = Time spent auto-exploring this place.
 F = Levels seen in this place.
 G = Mean time per level.
                   A        B        C        D        E       F      G
               +--------+--------+--------+--------+--------+-----+--------+
         Total |   8800 |   8161 |    639 |    672 |   5997 |  11 |  800.0 |
       Dungeon |   8372 |   7760 |    612 |    579 |   5910 |   9 |  930.2 |
        Temple |     28 |      1 |     27 |      0 |      0 |   1 |   28.0 |
        Bailey |    399 |    399 |      0 |     93 |     87 |   1 |  399.0 |
               +--------+--------+--------+--------+--------+-----+--------+

Top non-repeatable levels by time:
     D:6: 1562 daAuts
     D:1: 1306 daAuts
     D:4: 1149 daAuts
     D:3: 1032 daAuts
     D:8: 949 daAuts
     D:7: 845 daAuts
     D:5: 844 daAuts
     D:2: 652 daAuts
  Bailey: 399 daAuts
     D:9: 30 daAuts
  Temple: 28 daAuts
